 Dungeon Crawl Stone Soup version 0.30.0-30-g96aa6591b8 (webtiles) character file.

Game seed: 14908152119454241453

89 Chiseanne the Sneak (level 4, -1/33 HPs)
             Began as an Octopode Delver on June 28, 2023.
             Slain by an ice beast (10 damage)
             ... on level 3 of the Dungeon.
             The game lasted 00:04:49 (871 turns).

Chiseanne the Sneak (Octopode Delver)                Turns: 871, Time: 00:04:49

Health: -1/33      AC:  1    Str: 11    XL:     4   Next: 55%
Magic:  4/4        EV: 14    Int: 12    God:
Gold:   101        SH:  0    Dex: 15    Spells: 3/3 levels left

rFire   + . .        a - +1 short sword
rCold   . . .        (no shield)
rNeg    . . .        (helmet restricted)
rPois   .            (no amulet)
rElec   .            c - ring of protection from fire
rCorr   .            (no ring)
SInv    .            (no ring)
Will    .....        (no ring)
Stlth   +++++        (no ring)
HPRegen 0.25/turn    (no ring)
MPRegen 0.09/turn    (no ring)
                     (no ring)

%: no passive effects
@: no status effects
A: almost no armour, amphibious, 8 rings, camouflage 1, gelatinous body 1,
(nimble swimmer 1), tentacles
a: no special abilities


You were on level 3 of the Dungeon.
You visited 1 branch of the dungeon, and saw 4 of its levels.

You collected 101 gold pieces.

Inventory:

Hand Weapons
 a - a +1 short sword (weapon)
Missiles
 g - 5 javelins (quivered)
 j - 8 poisoned darts
Jewellery
 c - a ring of protection from fire (left tentacle)
Wands
 f - a wand of digging (3)
Scrolls
 b - a scroll of fog
 d - a scroll of fear
 h - 2 scrolls of immolation
 k - a scroll of identify
 p - a scroll of magic mapping
Potions
 e - a potion of haste
 i - a potion of degeneration {unknown}
 n - a potion of ambrosia
 q - 2 potions of curing


   Skills:
 * Level 3.9 Fighting
 - Level 2.0 Short Blades
 * Level 3.0 Dodging
 * Level 7.5 Stealth


You had 3 spell levels left.
You didn't know any spells.
Your spell library contained the following spells:

 Spells                   Type           Power      Damage    Failure   Level
 Summon Guardian Golem    Hex/Summ       0%         N/A       69%         3
 Orb of Destruction       Conj           0%         9d5       100%        7
 Spellforged Servitor     Conj/Summ      0%         N/A       100%        7


Dungeon Overview and Level Annotations

Branches:
Dungeon (5/15)             Temple (0/1) D:5

Altars:
The Shining One


Innate Abilities, Weirdness & Mutations

You cannot wear most types of armour.
You are amphibious.
You can wear up to eight rings at the same time.
Your skin changes colour to match your surroundings (Stealth+).
Your rubbery body absorbs attacks. (AC +1, EV +1)
((You are camouflaged when in or above water. (Stealth+)))
You have tentacles for arms and can constrict up to eight enemies at once.


Message History

You feel strangely unstable.
It was a scroll of teleportation.
As you read the scroll labelled HINKUN AXUVAI, it crumbles to dust.
You hear a loud clanging noise!
It was a scroll of noise.
You hear a shout! x8
As you read the scroll of identify, it crumbles to dust.
n - a potion of ambrosia
As you read the scroll of identify, it crumbles to dust.
q - 2 potions of curing Your surroundings suddenly seem different. 2 hobgoblins, a bat and an ice beast come into view.
The ice beast moves out of view.
Found 5 stones.
The hobgoblin attacks as you move away! The hobgoblin barely misses you.
Found a black potion.
Okay, then.
The bat closely misses you. x2
The hobgoblin attacks as you move away! The hobgoblin barely misses you.
The bat hits you. The hobgoblin attacks as you move away!
The hobgoblin misses you. The bat misses you.
The bat hits you but does no damage. The bat completely misses you.
The bat misses you.
You see here a black potion.
i - a black potion The hobgoblin closely misses you.
The bat barely misses you. The hobgoblin barely misses you.
The bat attacks as you move away! The bat barely misses you.
The bat closely misses you. The hobgoblin closely misses you.
The bat barely misses you. The ice beast barely misses you.
The bat hits you but does no damage. The ice beast hits you.
The ice beast freezes you! The ice beast attacks as you move away!
The ice beast hits you. The ice beast freezes you!
The bat hits you but does no damage. The hobgoblin closely misses you.
The ice beast attacks as you move away! The ice beast hits you.
* * * LOW HITPOINT WARNING * * *
The ice beast freezes you!
You die...

##### #...# ######
#...# #......
#...###......
#...##....#
####g.......# #
#...Yg..(.#########..
####@b.#.....g.......
#...#######.....##
#...# #..##.## #...#
#g.## .# ##### #...#
#.## #. # . #.# . .#
#.#


You could see an ice beast, 2 hobgoblins and a bat.

Vanquished Creatures
  An orc priest (D:3)
  2 adders (D:2)
  A white imp (D:5)
  2 dart slugs
  4 orcs
  2 endoplasms (D:3)
  3 giant cockroaches (D:3)
  3 kobolds
  A quokka (D:5)
  3 ball pythons
  2 bats (D:3)
  2 frilled lizards (D:3)
  A rat (D:4)
27 creatures vanquished.

Vanquished Creatures (others)
  An orc (D:3)
1 creature vanquished.

Grand Total: 28 creatures vanquished

Notes
Turn   | Place    | Note
-------+----------+-------------------------------------------
     0 | D:5      | Chiseanne the Octopode Delver began the quest for the Orb.
     0 | D:5      | Reached XP level 1. HP: 16/16 MP: 1/1
     4 | D:5      | Noticed a phantom
    21 | D:5      | Noticed a jelly
    32 | D:5      | Noticed a scorpion
    47 | D:4      | Found a glowing golden altar of the Shining One.
   194 | D:3      | Noticed an orc priest
   253 | D:4      | Reached XP level 2. HP: 21/21 MP: 2/2
   312 | D:5      | Noticed a scorpion
   371 | D:4      | Reached skill level 7 in Stealth
   397 | D:3      | Reached XP level 3. HP: 26/26 MP: 3/3
   603 | D:3      | Found a faded altar of an unknown god.
   628 | D:3      | Reached XP level 4. HP: 10/33 MP: 4/4
   854 | D:3      | Noticed an ice beast
   871 | D:3      | Slain by an ice beast

Illustrated notes

Levels and vault maps discovered:
D:2:      layout_basic, uniq_terence
D:3:      layout_rooms, hellmonk_ecumenical_altar_blasted, minmay_checkerbox
D:4:      layout_cave_pools, mainiacjoe_overflow_tiny_flanked,
          lightli_sewer_entry_pipes
D:5:      layout_cave_pools, minmay_temple_entry_ruins,
          corexii_item_surrounded_by_moat

Skill      XL: |  1  2  3 |
---------------+----------+-----
Stealth        | 7 |  7.5
Dodging        | 3 |  3.0
Fighting       | |  3.9
Short Blades   | |  2.0

Action                     |  1- 3 |  4- 6 || total
---------------------------+-------+-------++-------
  Melee: Short sword       |    52 |    13 ||    65
         Tentacles         |     8 |     5 ||    13
         Constrict         |     8 |     4 ||    12
         Punch             |     1 |       ||     1
  Throw: Javelin           |     2 |       ||     2
    Use: Scroll            |     4 |     6 ||    10
         Potion            |     2 |       ||     2
   Stab: Sleeping          |    12 |       ||    12
         Distracted        |     1 |       ||     1
 Armour: Skin              |     1 |     3 ||     4
  Dodge: Dodged            |    24 |    24 ||    48
